AoeStats
← OdetoRomulus

Arabia

505821924Analyzed
1v1 RM · 22d ago on Sep 11, 2026· 46m 53s· 2 players
Game mode
Random Map
Map size
Tiny (2 player)
Population
200
Speed
Normal
Resources
Standard
Victory
Conquest
Starting age
Dark Age
Ending age
Imperial Age
RankedLock teamsTeams togetherTeam positionsShared explorationLock speedFull tech treeHidden civsTurbo modeCheats
Victory
Defeat
🇦🇺 Burgundians · Australia
661
+15
🇨🇳 Byzantines · China
639
-15
Descenter
10:53 Feudal Age
15:04 Loom
24:19 Castle Age
24:13 Forging
24:56 Fletching
26:03 Double-Bit Axe
29:38 Husbandry
31:32 Scale Barding Armor
OdetoRomulus
9:52 Feudal Age
10:09 Man-at-Arms
15:31 Forging
21:43 Castle Age
26:05 Scale Mail Armor
29:01 Scale Barding Armor
30:25 Pikeman
32:48 Iron Casting
36:58 Chain Mail Armor
41:57 Fletching
43:03 Bodkin Arrow
43:31 Chain Barding Armor
43:36 Cavalier
Connection lost

Rejoining the realm…

Still unreachable

The connection could not be restored.

Session expired

The server has moved on; the page needs a fresh start.